 Dungeon Crawl Stone Soup version 0.27-a0-249-g74f53ef629 (webtiles) character file.

Game seed: 17031968694263488090

196143 inqbanana the Brawler (level 17, 0/170 HPs)
             Began as a Troll Monk on Feb 2, 2021.
             Was the Champion of Lugonu.
             Slain by a demonic crawler (7 damage)
             ... on level 3 of the Spider Nest on Feb 3, 2021.
             The game lasted 02:04:11 (30315 turns).

inqbanana the Brawler (Troll Monk)                 Turns: 30315, Time: 02:04:11

Health: 0/170      AC: 20    Str: 22 (23) XL:     17   Next: 73%
Magic:  26/26      EV: 19    Int:  9      God:    Lugonu [******]
Gold:   644        SH: 13    Dex: 16 (17) Spells: 16/16 levels left

rFire    x . .     SeeInvis .     - Unarmed
rCold    + + .     Faith    .   z - +2 kite shield {reflect}
rNeg     + + .     Spirit   .   K - +5 ice dragon scales of Wasted Space {rF- rC++ rN++ Regen+ Int+2 Stlth+}
rPois    +         Reflect  +   O - +2 hat
rElec    .         Harm     .   p - +1 cloak
rCorr    .         Rampage  .   (gloves unavailable)
Will     ++++.     Rnd*Rage +   (boots unavailable)
Stlth    ++........             X - necklace of Bloodlust {*Rage +Rage Will++ Int-3 Slay+6 *Curse} (curse)
HPRegen  1.18/turn              b - +4 ring of evasion
MPRegen  0.20/turn              B - ring of willpower

@: lethally poisoned (0 -> 0), corroded, berserk cooldown, slowed, studying 3
skills, very slow
A: large, unfitting armour, claws 3, slimy green scales 1, clever 2,
deterioration 1, poison resistance, regeneration 1, shaggy fur 1, tough skin 3
}: 1/15 runes: barnacled
a: Renounce Religion, Evoke Berserk Rage, Depart the Abyss, Bend Space, Banish,
Corrupt, Enter the Abyss, Brand Weapon With Distortion


You were on level 3 of the Spider Nest.
You worshipped Lugonu.
Lugonu was exalted by your worship.
You visited 8 branches of the dungeon, and saw 36 of its levels.
You visited the Abyss 1 time.
You also visited: Ice Cave.

You collected 4354 gold pieces.
You spent 3710 gold pieces at shops.

Inventory:

Hand Weapons
 C - a +4 scimitar of flaming
Missiles
 H - 10 javelins
 I - 44 boomerangs
 L - 39 large rocks (quivered)
Armour
 p - a +1 cloak (worn)
 z - a +2 kite shield of reflection (worn)
 D - +0 fire dragon scales
 K - the +5 ice dragon scales of Wasted Space (worn) {rF- rC++ rN++ Regen+ Int+2 Stlth+}
   (You bought it in a shop on level 2 of the Orcish Mines)

   It affects your intelligence (+2).
   It makes you vulnerable to fire.
   It greatly protects you from cold.
   It greatly protects you from negative energy.
   It increases your rate of regeneration.
   It makes you more stealthy.
 O - a +2 hat (worn)
Jewellery
 a - an uncursed ring of poison resistance
 b - a +4 ring of evasion (left claw)
 y - an uncursed ring of see invisible
 B - a ring of willpower (right claw)
 X - the cursed necklace of Bloodlust (around neck) {*Rage +Rage Will++ Int-3 Slay+6 *Curse}
   (You found it on level 1 of the Orcish Mines)

   [amulet of nothing]

   It affects your intelligence (-3).
   It affects your accuracy and damage with ranged weapons and melee attacks
   (+6).
   It affects your willpower, your defense against some magical effects.
   It lets you go berserk.
   It may make you go berserk in combat.
   It curses itself when equipped.
   It has a curse placed upon it.
Wands
 f - a wand of charming (9)
 k - a wand of flame (36)
 l - a wand of polymorph (42)
 t - a wand of paralysis (54)
 u - a wand of mindburst (22)
 w - a wand of iceblast (19)
 E - a wand of random effects (52)
 F - a wand of digging (6)
 M - a wand of acid (17)
Scrolls
 c - 23 scrolls of remove curse
 h - 5 scrolls of amnesia
 i - 7 scrolls of enchant weapon
 q - 12 scrolls of teleportation
 x - 2 scrolls of fog
 N - a scroll of blinking
 P - 2 scrolls of summoning
 R - 2 scrolls of enchant armour
 W - 6 scrolls of identify
 Y - a scroll of fear
Potions
 d - a potion of cancellation
 e - a potion of haste
 g - 3 potions of ambrosia
 j - 7 potions of curing
 m - a potion of invisibility
 o - 7 potions of heal wounds
 r - 5 potions of magic
 s - 5 potions of brilliance
 v - 2 potions of might
 Q - a potion of resistance
 U - 2 potions of berserk rage
 V - a potion of flight


   Skills:
 + Level 11.5 Fighting
 + Level 9.7 Throwing
 + Level 9.8 Armour
 + Level 12.8 Dodging
 - Level 2.2 Stealth
 + Level 7.5 Shields
 * Level 15.9 Unarmed Combat
 * Level 14.0 Invocations
 + Level 0.8 Evocations


You had 16 spell levels left.
You didn't know any spells.
Your spell library contained the following spells:

 Spells                   Type           Power        Failure   Level
 Foxfire                  Conj/Fire      0%           83%         1
 Freeze                   Ice            0%           83%         1
 Magic Dart               Conj           0%           83%         1
 Sting                    Tmut/Pois      0%           83%         1
 Summon Small Mammal      Summ           0%           83%         1
 Blink                    Tloc           N/A          92%         2
 Call Imp                 Summ           0%           92%         2
 Passwall                 Tmut/Erth      0%           92%         2
 Poisonous Vapours        Pois/Air       0%           92%         2
 Slow                     Hex            0%           92%         2
 Call Canine Familiar     Summ           0%           99%         3
 Conjure Flame            Conj/Fire      0%           99%         3
 Frozen Ramparts          Ice            0%           99%         3
 Gell's Gravitas          Tloc           0%           99%         3
 Ignite Poison            Fire/Tmut/Pois 0%           99%         3
 Inner Flame              Hex/Fire       0%           99%         3
 Lesser Beckoning         Tloc           0%           99%         3
 Mephitic Cloud           Conj/Pois/Air  0%           99%         3
 Ozocubu's Armour         Ice            0%           99%         3
 Summon Guardian Golem    Hex/Summ       0%           99%         3
 Teleport Other           Tloc           0%           99%         3
 Cause Fear               Hex            0%           100%        4
 Hailstorm                Conj/Ice       0%           100%        4
 Ice Form                 Ice/Tmut       0%           100%        4
 Olgreb's Toxic Radiance  Pois           0%           100%        4
 Passage of Golubria      Tloc           N/A          100%        4
 Sticky Flame             Conj/Fire      0%           100%        4
 Summon Ice Beast         Ice/Summ       0%           100%        4
 Summon Lightning Spire   Summ/Air       0%           100%        4
 Fireball                 Conj/Fire      0%           100%        5
 Lee's Rapid Deconstruct  Erth           0%           100%        5
 Metabolic Englaciation   Hex/Ice        0%           100%        5
 Silence                  Hex/Air        0%           100%        5
 Yara's Violent Unravell  Hex/Tmut       0%           100%        5
 Freezing Cloud           Conj/Ice/Air   0%           100%        6
 Shadow Creatures         Summ           N/A          100%        6
 Simulacrum               Ice/Necr       0%           100%        6
 Ozocubu's Refrigeration  Ice            0%           100%        7
 Discord                  Hex            0%           100%        8
 Dragon's Call            Summ           0%           100%        9


Dungeon Overview and Level Annotations

Branches:
Dungeon (15/15)            Temple (0/1) D:7            Lair (6/6) D:10
 Shoals (4/4) Lair:3       Spider (3/4) Lair:2        Slime (1/5) Lair:5
    Orc (2/2) D:11            Elf (1/3) Orc:2        Vaults (0/5) D:13
 Depths (4/5) D:15          IceCv (visited)

Altars:
Cheibriados
Dithmenos
Elyvilon
Fedhas
Hepliaklqana
Kikubaaqudgha
Nemelex Xobeh
Qazlal
Sif Muna
Trog
Uskayaw
Xom
Yredelemnul
The Shining One
Lugonu

Shops:
D:9 ?   D:10 [*=   Orc:2 [[*=   Shoals:1 [

Portals:
Trove: D:11 (give +7 demon blade)

Annotations:
D:4 3 runed translucent doors, Morgoth's ghost, amateur DgDe; xraymikek's ghost, novice DrFE
D:10 exclusion: 2 oklob plants
Spider:3 Arachne
Depths:1 exclusion: obsidian statue


Innate Abilities, Weirdness & Mutations

You are too large for most types of armour.
You have claws for hands.
Your natural rate of healing is unusually fast.
You are covered in fur. (AC +1)
You have extremely tough skin. (AC +3)
You are partially covered in slimy green scales. (AC +2)
Your mind is very acute. (Int +4)
Your body sometimes deteriorates upon taking damage.
Your system is resistant to poisons. (rPois)


Message History

You feel sick.
The wolf spider hits you but does no damage.
You block the wolf spider's attack. The demonic crawler misses you.
You block the demonic crawler's attack. The demonic crawler barely misses you.
Arachne hits you with an uncursed staff of poison!
* * * LOW HITPOINT WARNING * * *
Arachne envenoms you.
* * * LOW HITPOINT WARNING * * *
The wolf spider closely misses you. The wolf spider completely misses you.
The demonic crawler hits you but does no damage. x3
Arachne says, "No one escapes my webs."
Arachne hits you with an uncursed staff of poison!!
* * * LOW HITPOINT WARNING * * *
Arachne envenoms you!
* * * LOW HITPOINT WARNING * * *
You are more poisoned.
The demonic crawler hits you.
* * * LOW HITPOINT WARNING * * *
You block the demonic crawler's attack. The demonic crawler hits you!
You die...

.. #. #. ## #.#
(. ##.## # ..#. #
##..#.#. ...#.#
#....^..###.#^...
#.#.#.#....#...#
#^.#.^@#)..## .
#..#ssH#.>.#...
#.#s#...##.^#
#..<#.†.$#..#
#.#.#^#.#.#..#
##.#..#...# ...
.#..#^..#.# ..
...#..#..# .. .
.##...#$#.. ##


You could see Arachne, a demonic crawler, a wolf spider and a tarantella.

Vanquished Creatures
  A lich (Depths:1)
  Polyphemus (Shoals:3)
  Gastronok (D:8)
  Agnes (Spider:3)
  Donald (Spider:3)
  2 frost giants
  3 entropy weavers
  The ghost of PezBoy the Cleaver, a journeyman MiFi of the Shining One (Lair:3)
  An ettin (Orc:1)
  A fire dragon (D:13)
  4 merfolk impalers
  2 yaktaur captains
  A boulder beetle (Lair:5)
  10 hydras
  7 centaur warriors
  A vault guard (D:13)
  A merfolk avatar (Shoals:4)
  Erica (Orc:1)
  3 ogre magi
  11 two-headed ogres
  An alligator snapping turtle (Shoals:4)
  2 death knights
  2 merfolk aquamancers
  A tengu warrior (D:15)
  A catoblepas (Shoals:2)
  7 death yaks
  A queen ant (Spider:1)
  An orc high priest (Orc:2)
  Nergalle (D:10)
  A deep elf knight (D:15)
  A shadow wraith (D:13)
  An iron troll (D:13)
  A skeletal warrior (D:14)
  11 sea snakes
  A deep troll (Orc:1)
  4 orc knights
  18 harpies
  A deep elf pyromancer (D:13)
  A lindwurm (Lair:6)
  A wolf spider zombie (D:11)
  4 wizards
  11 wolf spiders
  8 ugly things
  7 cyclopes
  9 manticores
  7 orc sorcerers
  A faun (Shoals:1)
  11 orb spiders
  A merfolk siren (Shoals:3)
  8 elephants
  A moth of wrath (Lair:2)
  2 centaur zombies
  An ice statue (IceCv)
  3 torpor snails
  8 black mambas
  3 gargoyles
  3 water nymphs
  Maggie (D:8)
  13 demonic crawlers
  Psyche (D:8)
  A rime drake (Lair:6)
  27 cane toads
  A kobold demonologist (D:11)
  4 freezing wraiths
  7 yaktaurs
  9 komodo dragons
  A silent spectre (Orc:1)
  A polar bear (shapeshifter) (D:15)
  26 polar bears
  11 hornets
  15 jumping spiders
  11 trolls
  9 merfolk
  Grinder (D:3)
  4 wind drakes
  6 slime creatures
  20 blink frogs
  A dream sheep (Lair:6)
  6 snapping turtles
  23 redbacks
  3 shadows
  3 vampires
  A centaur simulacrum (D:14)
  14 spriggans (Lair:6)
  7 tarantellas
  7 basilisks
  6 wraiths
  41 yaks
  3 wyverns
  A large abomination (Abyss:1)
  A steam dragon (D:13)
  9 vampire mosquitoes
  Eustachio (D:4)
  Menkaure (D:4)
  2 wargs
  An acid dragon (D:7)
  12 soldier ants (Spider:1)
  24 water moccasins
  5 sky beasts
  9 ice beasts
  20 orc warriors
  3 black bears
  An eye of draining (D:14)
  14 ogres
  54 wolves
  5 boggarts (Lair:6)
  16 centaurs
  5 phantoms
  6 big kobolds
  The ghost of quoriil the Magician, an amateur DEWz of Makhleb (D:3)
  15 bullfrogs
  A gnoll sergeant (D:9)
  A wyvern skeleton (D:7)
  7 scorpions
  10 wights
  7 killer bees
  A howler monkey (D:4)
  3 bullfrog zombies
  22 orc priests
  20 jellies
  8 hounds
  4 centaur skeletons
  5 bullfrog skeletons
  Terence (D:3)
  5 iguanas
  32 orc wizards
  28 worker ants
  2 hound zombies
  A hound skeleton (D:4)
  2 worker ant zombies
  A howler monkey skeleton (D:6)
  17 adders
  16 gnolls
  3 shadow imps
  A white imp (D:9)
  5 ufetubi
  An ooze (D:5)
  2 adder skeletons
  3 worms
  3 dart slugs
  6 leopard geckos
  55 orcs
  4 giant cockroaches
  6 goblins
  7 hobgoblins
  14 jackals
  6 quokkas
  A ball python (D:7)
  12 bats
  7 frilled lizards
  24 kobolds
  9 rats
1053 creatures vanquished.

Vanquished Creatures (others)
  A merfolk aquamancer (Shoals:4)
  A sea snake (Shoals:4)
  A centaur (D:11)
  A kobold (D:8)
  A bush (Lair:4)
  58 fungi
  81 plants
  8 withered plants
152 creatures vanquished.

Grand Total: 1205 creatures vanquished

Notes
Turn   | Place    | Note
-------+----------+-------------------------------------------
     0 | D:1      | inqbanana the Troll Monk began the quest for the Orb.
     0 | D:1      | Reached XP level 1. HP: 22/22 MP: 0/0
   168 | D:1      | Reached XP level 2. HP: 27/29 MP: 1/1
   882 | D:2      | Reached XP level 3. HP: 34/36 MP: 2/2
   891 | D:2      | Reached skill level 1 in Armour
   909 | D:2      | Reached XP level 4. HP: 42/44 MP: 3/3
  1115 | D:2      | Reached skill level 4 in Unarmed Combat
  1290 | D:2      | Found a snail-covered altar of Cheibriados.
  1299 | D:2      | Noticed a sky beast
  1326 | D:2      | Killed a sky beast
  1327 | D:2      | Reached XP level 5. HP: 35/53 MP: 4/4
  1492 | D:2      | Reached XP level 6. HP: 36/61 MP: 5/5
  1730 | D:2      | Found a hazy altar of Hepliaklqana.
  1732 | D:2      | Gained mutation: Your muscles are strong. (Str +2) [potion
                  | of mutation]
  1732 | D:2      | Gained mutation: You occasionally shout uncontrollably at
                  | your foes. [potion of mutation]
  1732 | D:2      | Gained mutation: You are strong-willed. (Will+) [potion of
                  | mutation]
  1732 | D:2      | Gained mutation: You can translocate small distances at
                  | will. [potion of mutation]
  1852 | D:3      | Noticed Grinder
  1877 | D:3      | Killed Grinder
  1878 | D:3      | Reached skill level 5 in Unarmed Combat
  1878 | D:3      | Reached XP level 7. HP: 61/67 MP: 6/6
  1910 | D:3      | Lost mutation: You occasionally shout uncontrollably at
                  | your foes. [potion of mutation]
  1910 | D:3      | Lost mutation: Your muscles are strong. (Str +2) [potion of
                  | mutation]
  1910 | D:3      | Gained mutation: You heal very quickly. [potion of
                  | mutation]
  1910 | D:3      | Gained mutation: You have an increased reservoir of magic.
                  | (+10% MP) [potion of mutation]
  1948 | D:3      | Noticed Terence
  1969 | D:3      | Killed Terence
  2010 | D:3      | Found a hide-covered altar of Uskayaw.
  2014 | D:3      | Noticed a +0 hand axe
  2014 | D:3      | Noticed a +0 dagger
  2082 | D:3      | Lost mutation: You can translocate small distances at will.
                  | [potion of mutation]
  2082 | D:3      | Lost mutation: You have an increased reservoir of magic.
                  | (+10% MP) [potion of mutation]
  2082 | D:3      | Gained mutation: Your mind is acute. (Int +2) [potion of
                  | mutation]
  2082 | D:3      | Gained mutation: You are partially covered in slimy green
                  | scales. (AC +2) [potion of mutation]
  2082 | D:3      | Gained mutation: You have large cloven feet. [potion of
                  | mutation]
  2284 | D:3      | Found a shimmering blue altar of Sif Muna.
  2306 | D:3      | Found a transporter.
  2317 | D:3      | Found a transporter.
  2317 | D:3      | Identified the +8 halberd "Xienir" {chaos, +Inv rElec
                  | Will++ Dex+3}
  2386 | D:3      | Noticed quoriil's ghost (amateur DEWz)
  2411 | D:3      | Killed quoriil's ghost
  2552 | D:3      | Found a faded altar of an unknown god.
  2653 | D:3      | Became a worshipper of Lugonu the Unformed
  2653 | D:3      | Reached * piety under Lugonu
  2653 | D:3      | Reached ** piety under Lugonu
  2653 | D:3      | Reached *** piety under Lugonu
  2924 | D:4      | Reached skill level 6 in Unarmed Combat
  2924 | D:4      | Reached skill level 1 in Invocations
  3129 | D:4      | Reached XP level 8. HP: 78/78 MP: 8/8
  3144 | D:4      | Noticed Eustachio
  3145 | D:4      | Reached **** piety under Lugonu
  3170 | D:4      | Killed Eustachio
  3268 | D:4      | Noticed Menkaure
  3277 | D:4      | Killed Menkaure
  3591 | D:4      | Found a runed translucent gate.
  3592 | D:4      | Found a runed translucent gate.
  3593 | D:4      | Found a runed translucent gate.
  3594 | D:4      | Noticed xraymikek's ghost (novice DrFE)
  3595 | D:4      | Noticed Morgoth's ghost (amateur DgDe)
  3902 | D:5      | Entered Level 5 of the Dungeon
  4020 | D:5      | Found a sand-covered staircase.
  4060 | D:5      | Found a white marble altar of Elyvilon.
  4177 | D:5      | Found a basalt altar of Yredelemnul.
  4352 | D:5      | Reached skill level 7 in Unarmed Combat
  4973 | D:6      | Got a dazzling spear
  4981 | D:6      | Identified the +9 spear of Gluttony {freeze, Int+2} (You
                  | found it on level 6 of the Dungeon)
  4989 | D:6      | Reached XP level 9. HP: 84/85 MP: 10/10
  5229 | D:6      | Got a slimy whip
  5551 | D:7      | Found a shimmering altar of Xom.
  5551 | D:7      | Found a stormy altar of Qazlal.
  5556 | D:7      | Found an ancient bone altar of Kikubaaqudgha.
  5630 | D:7      | Reached ***** piety under Lugonu
  5713 | D:7      | Got a jewelled falchion
  5713 | D:7      | Got a translucent trident
  5714 | D:7      | Identified the +9 trident of the Apocalypse {vorpal, rF+}
                  | (You found it on level 7 of the Dungeon)
  5736 | D:7      | Reached skill level 8 in Unarmed Combat
  5771 | D:7      | Reached skill level 1 in Throwing
  5807 | D:7      | Reached skill level 5 in Invocations
  5866 | D:7      | Reached skill level 5 in Fighting
  5866 | D:7      | Reached skill level 5 in Dodging
  5873 | D:7      | Found a staircase to the Ecumenical Temple.
  6250 | D:7      | Found a bloodstained altar of Trog.
  6562 | D:8      | Found a sparkling altar of Nemelex Xobeh.
  6703 | D:8      | Noticed Maggie
  6741 | D:8      | Killed Maggie
  6742 | D:8      | Reached XP level 10. HP: 66/96 MP: 13/13
  6820 | D:8      | Noticed Psyche
  6835 | D:8      | Killed Psyche
  6886 | D:8      | Noticed Gastronok
  6906 | D:8      | Killed Gastronok
  6907 | D:8      | Reached skill level 9 in Unarmed Combat
  6965 | D:8      | Found a glowing golden altar of the Shining One.
  7216 | D:9      | Found Cussacri's Magic Scroll Shoppe.
  7224 | D:9      | Bought a scroll of magic mapping for 35 gold pieces
  7224 | D:9      | Bought a scroll of identify for 20 gold pieces
  7224 | D:9      | Bought a scroll of identify for 20 gold pieces
  7224 | D:9      | Bought a scroll of magic mapping for 35 gold pieces
  7224 | D:9      | Bought a scroll of identify for 20 gold pieces
  7224 | D:9      | Bought a scroll of teleportation for 30 gold pieces
  7224 | D:9      | Bought a scroll of teleportation for 30 gold pieces
  7224 | D:9      | Bought a scroll of blinking for 75 gold pieces
  7339 | D:9      | Identified a scroll of acquirement
  7343 | D:9      | Acquired a manual of Dodging
  7358 | D:9      | Noticed a manticore
  7371 | D:9      | Killed a manticore
  7372 | D:9      | Reached skill level 5 in Armour
  7768 | D:9      | Noticed a green ugly thing
  7794 | D:9      | Banished a green ugly thing
  7979 | D:9      | Found a blossoming altar of Fedhas.
  8126 | D:9      | Identified the +7 falchion of Summer {venom, *Corrode rN+
                  | Int+3 SInv} (You found it on level 7 of the Dungeon)
  8127 | D:9      | Identified the cursed +1 whip of the Egg {freeze, Will+}
                  | (You found it on level 6 of the Dungeon)
  8245 | D:10     | Entered Level 10 of the Dungeon
  8279 | D:10     | Reached XP level 11. HP: 95/105 MP: 15/15
  8285 | D:10     | Found Nolam's Antique Armour Shop.
  8293 | D:10     | Found Soqarr's General Store.
  8338 | D:10     | Bought an uncursed amulet of reflection for 420 gold pieces
  8658 | D:10     | Found a staircase to the Lair.
  8884 | D:10     | Reached skill level 10 in Unarmed Combat
  8908 | D:10     | Noticed Nergalle
  8920 | D:10     | Killed Nergalle
  8978 | D:10     | Found a blossoming altar of Fedhas.
  8980 | D:10     | Noticed an oklob plant
  8981 | D:10     | Noticed an oklob plant
  9077 | D:10     | Found Olafede's Jewellery Shoppe.
  9447 | D:10     | Bought an uncursed ring of poison resistance for 280 gold
                  | pieces
  9509 | Lair:1   | Entered Level 1 of the Lair of Beasts
  9610 | Lair:1   | Reached ****** piety under Lugonu
  9688 | Lair:1   | Got a shadowed robe
  9703 | Lair:1   | Identified the +1 robe "Qegadom" {Will+ Regen+ SInv Stlth-}
                  | (You found it on level 1 of the Lair of Beasts)
  9815 | Lair:1   | Noticed a six-headed hydra
  9831 | Lair:1   | Killed a six-headed hydra
 10433 | Lair:2   | Reached XP level 12. HP: 82/115 MP: 17/17
 10620 | Lair:2   | Found a hole to the Spider Nest.
 10859 | Lair:2   | Reached skill level 11 in Unarmed Combat
 10984 | Lair:3   | Reached skill level 5 in Throwing
 11150 | Lair:3   | Reached skill level 1 in Shields
 11404 | Lair:3   | Found a staircase to the Shoals.
 11419 | Lair:3   | Found a runed translucent door.
 11419 | Lair:3   | Noticed PezBoy's ghost (journeyman MiFi)
 11462 | Lair:3   | Killed PezBoy's ghost
 11903 | Lair:4   | Noticed a six-headed hydra
 11917 | Lair:4   | Killed a six-headed hydra
 12008 | Lair:4   | Noticed a five-headed hydra
 12178 | Lair:4   | Reached XP level 13. HP: 116/124 MP: 19/19
 12649 | Lair:4   | Reached skill level 12 in Unarmed Combat
 12989 | Lair:5   | Got a crude buckler
 13204 | Lair:5   | Reached skill level 10 in Invocations
 13556 | Lair:6   | Entered Level 6 of the Lair of Beasts
 13824 | Lair:5   | Found a staircase to the Slime Pits.
 13874 | Slime:1  | Entered Level 1 of the Pits of Slime
 13874 | Slime:1  | Noticed an acid blob
 14835 | Lair:5   | Reached XP level 14. HP: 89/135 MP: 21/21
 15433 | Lair:6   | Reached skill level 13 in Unarmed Combat
 15744 | Lair:6   | Reached skill level 10 in Dodging
 16145 | Lair:6   | Got an iridescent shortbow
 16769 | D:11     | Got a pitted shortbow
 16855 | D:12     | Got a sapphire war axe
 17062 | D:11     | Found a staircase to the Orcish Mines.
 17072 | Orc:1    | Entered Level 1 of the Orcish Mines
 17072 | Orc:1    | Found a transporter.
 17146 | Orc:2    | Entered Level 2 of the Orcish Mines
 18070 | Orc:1    | Found a transporter.
 18070 | Orc:1    | Found a runed translucent door.
 18070 | Orc:1    | Found a bloodstained altar of Trog.
 18071 | Orc:1    | Found the cursed necklace of Bloodlust {*Rage +Rage Will++
                  | Int-3 Slay+6 *Curse}
 18145 | Orc:1    | Noticed a deep elf elementalist
 18376 | Orc:1    | Reached XP level 15. HP: 119/145 MP: 22/22
 18655 | Orc:2    | Found a staircase to the Elven Halls.
 18686 | Elf:1    | Entered Level 1 of the Elven Halls
 18843 | Orc:2    | Reached skill level 5 in Shields
 19043 | Orc:2    | Found Koesir's Antique Armour Boutique.
 19043 | Orc:2    | Found Quwapa's Jewellery Shop.
 19044 | Orc:2    | Found Rududio's Assorted Antiques.
 19047 | Orc:2    | Found Amo Xeporr's Antique Armour Boutique.
 19273 | Orc:1    | Noticed Erica
 19282 | Orc:1    | Killed Erica
 19403 | D:11     | Found a portal to a secret trove of treasure.
 19703 | D:11     | Lost mutation: You are strong-willed. (Will+) [potion of
                  | mutation]
 19703 | D:11     | Lost mutation: You have large cloven feet. [potion of
                  | mutation]
 19703 | D:11     | Lost mutation: You heal very quickly. [potion of mutation]
 19703 | D:11     | Gained mutation: Your body sometimes deteriorates upon
                  | taking damage. [potion of mutation]
 19703 | D:11     | Gained mutation: Your mind is very acute. (Int +4) [potion
                  | of mutation]
 19703 | D:11     | Gained mutation: Your system is resistant to poisons.
                  | (rPois) [potion of mutation]
 20108 | D:12     | Identified the Collected Works on the Entourage and Stones
 21757 | D:13     | Reached skill level 14 in Unarmed Combat
 21830 | D:13     | Found a gate to the Vaults.
 21980 | D:13     | Acquired 566 gold pieces
 22127 | Orc:2    | Bought crude ice dragon scales for 2535 gold pieces
 22129 | Orc:2    | Bought a runed cloak for 210 gold pieces
 22141 | Orc:2    | Identified the +5 ice dragon scales of Wasted Space {rF-
                  | rC++ rN++ Regen+ Int+2 Stlth+} (You bought it in a shop on
                  | level 2 of the Orcish Mines)
 22297 | Spider:1 | Entered Level 1 of the Spider Nest
 23080 | Spider:3 | Noticed Donald
 23097 | Spider:3 | Killed Donald
 23105 | Spider:3 | Paralysed by a hornet for 1 turns
 23394 | Shoals:1 | Entered Level 1 of the Shoals
 23423 | Shoals:1 | Found Cummu's Antique Armour Boutique.
 23600 | Shoals:1 | Reached XP level 16. HP: 157/157 MP: 24/24
 23705 | Shoals:3 | Noticed Polyphemus
 23918 | Shoals:3 | Killed Polyphemus
 23979 | Shoals:3 | Reached skill level 10 in Fighting
 23986 | Shoals:4 | Entered Level 4 of the Shoals
 24106 | Shoals:4 | HP: 5/158 [merfolk aquamancer/ball of steam (54)]
 24153 | Abyss:1  | Found a corrupted altar of Lugonu.
 24229 | Shoals:4 | Escaped the Abyss
 24795 | Shoals:4 | Got a barnacled rune of Zot
 24994 | Shoals:3 | Reached skill level 15 in Unarmed Combat
 25332 | Lair:3   | Upgraded the game from 0.27-a0-242-ge0fc76b88b to
                  | 0.27-a0-249-g74f53ef629
 26418 | D:14     | Found a basalt altar of Yredelemnul.
 26637 | D:15     | Entered Level 15 of the Dungeon
 26717 | D:15     | Found a frozen archway.
 26807 | D:15     | Found a gate leading to a gauntlet.
 26831 | IceCv    | Entered an ice cave
 27061 | IceCv    | Reached XP level 17. HP: 169/169 MP: 26/26
 27580 | D:15     | Found a shadowy altar of Dithmenos.
 27855 | D:15     | Found a staircase to the Depths.
 28608 | Depths:1 | Entered Level 1 of the Depths
 28622 | Depths:1 | Noticed a lich
 28632 | Depths:1 | Killed a lich
 30278 | Spider:3 | Noticed Agnes
 30296 | Spider:3 | Killed Agnes
 30312 | Spider:3 | Noticed Arachne
 30315 | Spider:3 | HP: 7/170 [demonic crawler (6)]
 30315 | Spider:3 | Slain by a demonic crawler

Illustrated notes

Levels and vault maps discovered:
D:1:      dpeg_arrival_houses_and_road, layout_basic, st_stairs_8
D:2:      layout_basic, nzn_hepliaklqana_mist_gate,
          nicolae_overflow_crystal_walls, kennysheep_potato
D:3:      layout_basic, dancing_weapons_uskayaw, lemuel_crystal_altar,
          chequers_ecumenical_altar_twisty, gammafunk_ghost_gnarly_gnolls,
          uniq_terence, uniq_grinder
D:4:      minmay_chambers_of_twos, layout_gridville, gammafunk_ghost_cemetery,
          uniq_menkaure, uniq_eustachio
D:5:      layout_cave_pods, kennysheep_ying_yang, nicolae_ossuary_entry_plus,
          minivault_23
D:6:      layout_loops_cross
D:7:      layout_gridville, lemuel_coloured_pillars_altar,
          grunt_temple_overflow_open, minmay_temple_entry_gardened_gates,
          kennysheep_crisscross, minmay_the_grid_2x2 [minmay_the_grid_odd_star,
          minmay_the_grid_minigrid_small_alt, minmay_the_grid_broken_lines,
          minmay_the_grid_prize_shrinking_boxes]
D:8:      layout_gridville, old_standard_altar, nicolae_tso_swordbearing_angel,
          uniq_maggie, uniq_psyche, uniq_gastronok
D:9:      minmay_opposing_rooms, layout_grid_maze, fedhas_altar_2, serial_shops,
          shop_statue
D:10:     minmay_s_stair_smasher, layout_irregular_city,
          grunt_lair_entry_orc_guard_hut, serial_shops,
          nicolae_shop_statue_plus, kennysheep_mini_moat, nicolae_shop_trees,
          hangedman_tree_tricks, uniq_nergalle
D:11:     layout_roguey, orc_0_dummy, nicolae_trove_entry_crossroad,
          serial_rivers, chequers_serial_rivers_micro_c,
          chequers_serial_rivers_micro_e, chequers_serial_rivers_micro_e,
          chequers_serial_rivers_micro_d, chequers_serial_rivers_small_b
D:12:     cheibrodos_wizards_tower, layout_irregular_city
D:13:     layout_loops_ring, david_vaults_4
D:14:     layout_grid_maze, yredelemnul_altar_generic, minmay_misc_feat_tower,
          small_statue_intersection
D:15:     hangedman_depths_entry_civil_slaughter, layout_long_grid,
          minmay_hedge_maze, gauntlet_entry_generic,
          portal_ice_cave_entry_ice_beasts, grunt_dithmenos_shadows
Lair:1:   layout_gridlike, columned_hall_lemuel
Lair:2:   layout_big_grid, spider_nest_entry_web_field
Lair:3:   layout_regular_city, minmay_shoals_entry_centaurs,
          hellmonk_ghost_happy_afterlife, infiniplex_staircase_pool_2
Lair:4:   layout_gridlike, chequers_serial_rivers_micro_e, beast_lair_carwin_2
Lair:5:   nzn_winding_woodlands_huge [nzn_winding_woodlands_5x15_pockets,
          nzn_winding_woodlands_5x15_pathside_ponds,
          nzn_winding_woodlands_5x15_garden, nzn_winding_woodlands_5x15_jagged,
          nzn_winding_woodlands_5x15_parted,
          nzn_winding_woodlands_5x15_longhouse,
          nzn_winding_woodlands_5x15_concentric,
          nzn_winding_woodlands_5x15_sawtooth,
          nzn_winding_woodlands_5x15_zeroes, nzn_winding_woodlands_5x15_crooked,
          nzn_winding_woodlands_center_lodge,
          nzn_winding_woodlands_center_triple_pond,
          nzn_winding_woodlands_15x15_thick_spiral], layout_regular_city,
          minmay_slime_entry_jelly_boxes
Lair:6:   minmay_lair_end_enchanted_forest, layout_loops_ring
Shoals:1: layout_shoals, serial_shops, nicolae_shop_stone
Shoals:2: layout_shoals, serial_shops, shop
Shoals:3: layout_shoals, uniq_ilsuiw, uniq_polyphemus, uniq_jorgrun
Shoals:4: shoals_end_simple, layout_shoals
Spider:1: layout_spider_delve, minmay_another_anthill
Spider:2: lemuel_spider_zombies
Spider:3: layout_spider_delve, uniq_louise, uniq_arachne, uniq_donald,
          uniq_agnes
Slime:1:  layout_caves
Orc:1:    emtedronai_trogs_sanctum, layout_caves, uniq_erica
Orc:2:    st_orc_mages, layout_diamond_mine
Elf:1:    eino_elf_arrival_sip, layout_loops_ring, minmay_elf_crystal_heptagon
Depths:1: layout_cave_pools, enter_ziggurat_f, pf_dread_powers_of_hell,
          dk_noncrumbling_3, grunt_ministairs_8, hangedman_devilish_allure
Depths:2: dpeg_oklob_gauntlet, layout_basic, kennysheep_big_empty_room,
          grunt_hell_entry_dis_old, grunt_megastairs_3,
          infiniplex_staircase_squiggle, uniq_sojobo
Depths:3: grunt_profane_halls [grunt_profane_temple_coc,
          grunt_profane_temple_tar, grunt_profane_temple_dis,
          grunt_profane_temple_geh, grunt_profane_loot], hell_entry, pan_entry
Depths:4: minmay_triangles_in_corner, layout_cave_pools, minmay_misc_feat_room,
          pf_hell_entry_tar_spiral, abyss_entry,
          amcnicky_mini_rare_corridor_liquid, hangedman_stitches_earthworm,
          firewood_loft

Skill      XL: |  1  2  3  4  5  6  7  8  9 10 11 12 13 14 15 16 17 |
---------------+----------------------------------------------------+-----
Armour         | 1 2 3 4 5 6 7 8 9 |  9.8
Unarmed Combat | 4 5 6 7 8 9 10 11 12 13 14 15 | 15.9
Fighting       | 3 4 5 6 7 8 9 10 11 | 11.5
Dodging        | 3 4 5 6 7 8 9 10 11 12 | 12.8
Stealth        | 2 |  2.2
Invocations    | 1 3 5 7 8 9 10 11 12 13 14 | 14.0
Throwing       | 1 3 4 5 6 7 8 9 |  9.7
Shields        | 2 3 4 5 6 7 |  7.5
Evocations     | |  0.8

Action                   |  1- 3 |  4- 6 |  7- 9 | 10-12 | 13-15 | 16-18 || total
-------------------------+-------+-------+-------+-------+-------+-------++-------
Melee: Unarmed           |    72 |   128 |   409 |   625 |  1373 |  1052 ||  3659
       Punch             |       |     2 |     8 |    38 |   100 |       ||   148
       Kick              |       |       |   109 |   235 |   364 |       ||   708
       Spear             |       |       |       |    12 |    42 |       ||    54
       Scimitar          |       |       |       |       |       |     5 ||     5
Throw: Javelin           |       |       |     1 |       |    13 |       ||    14
       Dart              |       |       |       |    29 |    17 |       ||    46
       Boomerang         |       |       |       |       |     7 |    57 ||    64
       Large rock        |       |       |       |       |       |     6 ||     6
Invok: Banish            |       |       |       |     1 |    11 |       ||    12
       Bend Space        |       |       |       |     2 |     4 |       ||     6
       Depart the Abyss  |       |       |       |       |       |     1 ||     1
       Enter the Abyss   |       |       |       |       |       |     1 ||     1
 Abil: Evoke Berserk Rag |       |       |       |       |       |     3 ||     3
Evoke: Wand              |       |       |       |     2 |     9 |       ||    11
  Use: Scroll            |     4 |       |    15 |     9 |    12 |     6 ||    46
       Potion            |     2 |     4 |     8 |     2 |    15 |     5 ||    36
 Stab: Invisible         |     1 |       |       |       |     1 |       ||     2
       Sleeping          |       |     1 |    10 |     5 |       |     3 ||    19
       Distracted        |       |       |       |       |       |     1 ||     1
Armor: Robe              |    24 |    37 |    87 |    66 |   225 |       ||   439
       Steam dragon scal |       |       |       |    87 |       |       ||    87
       Skin              |       |       |       |       |     4 |       ||     4
       Ice dragon scales |       |       |       |       |   233 |   444 ||   677
Dodge: Dodged            |    51 |   108 |   286 |   454 |  1385 |   819 ||  3103
Block: Other             |       |       |       |   116 |   266 |       ||   382
       Reflection        |       |       |       |     1 |    11 |    22 ||    34
       Kite shield       |       |       |       |       |    70 |   798 ||   868

Table legend: (Time is in decaauts)
 A = Elapsed time spent in this place.
 B = Non-inter-level travel time spent in this place.
 C = Inter-level travel time spent in this place.
 D = Time resting spent in this place.
 E = Time spent auto-exploring this place.
 F = Levels seen in this place.
 G = Mean time per level.
                   A        B        C        D        E       F      G
               +--------+--------+--------+--------+--------+-----+--------+
         Total |  30024 |  28587 |   1437 |   3057 |  12890 |  38 |  790.1 |
       Dungeon |  15242 |  14335 |    907 |    947 |   8793 |  15 | 1016.1 |
          Lair |   7589 |   7171 |    418 |    714 |   2868 |   6 | 1264.8 |
        Shoals |   1895 |   1869 |     26 |    623 |      0 |   4 |  473.8 |
   Spider Nest |   1940 |   1893 |     47 |    242 |    702 |   3 |  646.7 |
    Slime Pits |      1 |      1 |      0 |      0 |      0 |   1 |    1.0 |
  Orcish Mines |   2295 |   2258 |     37 |    204 |    425 |   2 | 1147.5 |
   Elven Halls |      1 |      1 |      0 |      0 |      0 |   1 |    1.0 |
        Depths |    242 |    242 |      0 |      7 |      0 |   4 |   60.5 |
         Abyss |    123 |    123 |      0 |     89 |      0 |   1 |  123.0 |
      Ice Cave |    691 |    691 |      0 |    229 |    102 |   1 |  691.0 |
               +--------+--------+--------+--------+--------+-----+--------+

Top non-repeatable levels by time:
  Lair:5: 2223 daAuts
  Lair:6: 1397 daAuts
    D:15: 1338 daAuts
    D:10: 1327 daAuts
    D:11: 1278 daAuts
   Orc:2: 1212 daAuts
    D:14: 1181 daAuts
    D:13: 1122 daAuts
   Orc:1: 1083 daAuts
     D:4: 1077 daAuts
     D:9: 1065 daAuts
  Lair:4: 1053 daAuts
     D:7: 1041 daAuts
Spider:1: 1014 daAuts
  Lair:2: 1008 daAuts
